 Dungeon Crawl Stone Soup version 0.32-a0-377-g951292165a (webtiles) character file.

Game seed: 13727452824309089740

555 Bnni the Poker (level 7, 0/51 HPs)
             Began as a Formicid Fighter on Feb 19, 2024.
             Slain by an orc
             ... wielding a +0 trident
              (3 damage)
             ... on level 5 of the Dungeon.
             The game lasted 00:04:39 (3374 turns).

Bnni the Poker (Formicid Fighter)                   Turns: 3374, Time: 00:04:39

Health: 0/51       AC:  6    Str: 23    XL:     7   Next: 56%
Magic:  7/7        EV:  9    Int:  7    God:
Gold:   318        SH:  5    Dex: 13    Spells: 6/6 levels left

rFire   . . .        t - +1 rapier (venom)
rCold   . . .        c - +0 buckler
rNeg    . . .        b - +0 scale mail
rPois   .            (helmet unavailable)
rElec   .            q - scarf {harm}
rCorr   .            (no gloves)
SInv    +            (no boots)
Will    .....        (no amulet) Stlth
                     (no ring)
HPRegen 0.28/turn    (no ring)
MPRegen 0.10/turn

%: harm (+30% outgoing, +20% incoming)
@: no status effects
A: permanent stasis, dig shafts and tunnels, antennae 3, four strong arms, claws
1, frail 1, subdued magic 1
a: Dig, Shaft Self


You were on level 5 of the Dungeon.
You visited 1 branch of the dungeon, and saw 5 of its levels.

You collected 318 gold pieces.

Inventory:

Hand Weapons
 a - a +0 trident
 t - a +1 rapier of venom (weapon)
Armour
 b - a +0 scale mail (worn)
 c - a +0 buckler (worn)
 n - a +0 cloak
 q - a scarf of harm (worn)
Wands
 v - a wand of paralysis (8)
Scrolls
 g - a scroll of fear {unknown}
 h - 4 scrolls of teleportation {unknown}
 i - a scroll of acquirement {unknown}
 j - a scroll of immolation {unknown}
 k - a scroll of revelation {unknown}
 m - 3 scrolls of identify {unknown}
 p - a scroll of amnesia {unknown}
 s - a scroll of enchant weapon {unknown}
 u - a scroll of silence {unknown}
Potions
 d - a potion of might
 e - a potion of berserk rage
 f - a potion of mutation
 l - a potion of haste {unknown}
 o - a potion of curing {unknown}
 r - 2 potions of brilliance {unknown}


   Skills:
 + Level 5.8 Fighting
 * Level 6.4 Polearms
 - Level 3.2 Armour
 - Level 4.0 Shields


You had 6 spell levels left.
You didn't know any spells.
Your spell library contained the following spells:

 Spells                   Type           Power      Damage    Failure   Level
 Ensorcelled Hibernation  Hex/Ice        0%         N/A       89%         2
 Inner Flame              Hex/Fire       0%         N/A       98%         3
 Passwall                 Erth           0%         N/A       98%         3
 Flame Wave               Conj/Fire      0%         2d4       100%        4
 Leda's Liquefaction      Alch/Erth      0%         N/A       100%        4
 Sticky Flame             Fire/Alch      0%         2d4       100%        4
 Lee's Rapid Deconstruct  Erth           0%         3d4*      100%        5
 Bombard                  Conj/Erth      0%         9d1       100%        6
 Swiftness                Air            Unusable   N/A       N/A         3

Dungeon Overview and Level Annotations

Branches:
Dungeon (5/15)
 Temple: D:4-7

Altars:
Ashenzari
Elyvilon
Nemelex Xobeh
Xom


Innate Abilities, Weirdness & Mutations

You cannot be hasted, slowed, berserked, paralysed or teleported.
You can dig through walls and to a lower floor.
You have a pair of large antennae on your head. (SInv)
Your four strong arms can wield two-handed weapons with a shield.
You have sharp fingernails.
You are frail. (-10% HP)
Your spells are a little easier to cast, but a little less powerful.


Message History

You closely miss the orc wizard.
The orc wizard is severely wounded.
The orc wizard barely misses you.
The orc wizard hits you but does no damage.
You closely miss the orc wizard.
The orc wizard is heavily wounded.
You block the orc wizard's attack.
You closely miss the orc wizard.
The orc wizard is severely wounded.
The orc wizard hits you but does no damage.
You hit the orc wizard.
You kill the orc wizard!
You hit the orc.
The orc is poisoned.
The orc is lightly wounded.
You block the orc's attack.
You hit the orc but do no damage.
The orc looks even sicker.
The orc is moderately wounded.
The orc hits you with a +0 mace.
* * * LOW HITPOINT WARNING * * *
The orc hits you but does no damage.
You closely miss the orc.
The orc is moderately wounded.
The orc hits you with a +0 mace.
* * * LOW HITPOINT WARNING * * *
Unknown command.
It was a potion of mutation.
You feel extremely strange.
Your connection to magic feels subdued.
You feel frail.
Your fingernails lengthen.
The orc closely misses you.
Unknown command.
It was a potion of berserk rage.
Your stasis prevents you from going berserk.
The orc hits you but does no damage.
Unknown command.
You hit the orc.
You kill the orc!
Your life force feels restored.
Unknown command.
You closely miss the orc. The orc hits you with a +0 trident.
You die...

#......#### . #...[...... .h
#.....# ##### .ß.
###.)..####⌠.⌠. ...h
###..##.##.##....
.ß...#######..####.ß...#._..
........##).### #.....†....
..........##o# #.....#....
......o.o.#@## #.ß...#._..
......o...### #.##.##....
#.....oo.## #..####⌠.⌠.
###......# #...#######
##.....# #.......... ###..##
#..###<.... .... #......ß..
######.... #....


You could see an orc.

Vanquished Creatures
  An ogre (D:4)
  A scorpion (D:4)
  3 hounds
  Crazy Yiuf (D:3)
  An orc priest (D:5)
  An iguana (D:5)
  2 orc wizards (D:5)
  A sleepcap (D:4)
  5 adders
  A ribbon worm (D:2)
  7 orcs
  8 endoplasms
  5 goblins
  10 hobgoblins
  A jackal (D:3)
  4 kobolds
  3 quokkas
  6 ball pythons
  6 bats
  4 frilled lizards
  2 rats (D:1)
73 creatures vanquished.

Notes
Turn   | Place    | Note
-------+----------+-------------------------------------------
     0 | D:1      | Bnni the Formicid Fighter began the quest for the Orb.
     0 | D:1      | Reached XP level 1. HP: 18/18 MP: 1/1
   112 | D:1      | Reached XP level 2. HP: 24/24 MP: 2/2
   607 | D:2      | Reached XP level 3. HP: 25/30 MP: 3/3
   647 | D:2      | Reached skill level 3 in Polearms
   888 | D:2      | Reached XP level 4. HP: 37/37 MP: 4/4
  1519 | D:3      | Found a runed translucent door.
  1520 | D:3      | Noticed Crazy Yiuf
  1559 | D:3      | Killed Crazy Yiuf
  1560 | D:3      | Reached skill level 4 in Polearms
  1560 | D:3      | Reached XP level 5. HP: 3/43 MP: 5/5
  1855 | D:3      | Found a white marble altar of Elyvilon.
  1902 | D:3      | Found a sparkling altar of Nemelex Xobeh.
  2763 | D:4      | Reached XP level 6. HP: 50/50 MP: 6/6
  2772 | D:4      | Reached skill level 5 in Fighting
  2772 | D:4      | Reached skill level 5 in Polearms
  2909 | D:4      | Noticed an ogre
  2918 | D:4      | Killed an ogre
  2919 | D:4      | Reached XP level 7. HP: 56/56 MP: 7/7
  3057 | D:5      | Entered Level 5 of the Dungeon
  3067 | D:5      | Found a broken altar of Ashenzari.
  3068 | D:5      | Found a shimmering altar of Xom.
  3089 | D:5      | Reached skill level 6 in Polearms
  3370 | D:5      | HP: 1/56 [orc/+0 mace (3)]
  3371 | D:5      | Gained mutation: Your spells are a little easier to cast,
                  | but a little less powerful. [potion of mutation]
  3371 | D:5      | Gained mutation: You are frail. (-10% HP) [potion of
                  | mutation]
  3371 | D:5      | Gained mutation: You have sharp fingernails. [potion of
                  | mutation]
  3374 | D:5      | Slain by an orc

Illustrated notes

Levels and vault maps discovered:
D:1:      wander_arrival_chamber, layout_rooms, dreamdust_wishing_well,
          hex_large
D:2:      layout_loops_ring, serial_rivers, chequers_serial_rivers_room_b,
          chequers_serial_rivers_room_a, chequers_serial_rivers_micro_c,
          chequers_serial_rivers_micro_c, chequers_serial_rivers_small_b,
          chequers_serial_rivers_marsh
D:3:      wad_crossroads, layout_basic, nemelex_spade_bored_becter,
          nicolae_elyvilon_temple_path, serial_aquarium,
          aquarium_bridge_long_joined [aquarium_subvault_wall,
          aquarium_subvault_window, aquarium_subvault_window,
          aquarium_subvault_bridge, aquarium_subvault_window,
          aquarium_subvault_wall], aquarium_window_double, aquarium_window_1,
          aquarium_view_2b, aquarium_balcony_3b, aquarium_pool_1,
          uniq_crazy_yiuf_cottage
D:4:      layout_rooms
D:5:      layout_cave_pods, lemuel_crystal_altar, jmf_multi_god_temple,
          minmay_temple_entry_overgrown, serial_column_ruins,
          column_ruins_pillar_3, column_ruins_pillar_3, column_ruins_pillar_2,
          column_ruins_pillar_10, column_ruins_pillar_3, column_ruins_pillar_1,
          column_ruins_pillar_6, column_ruins_pillar_3, column_ruins_pillar_2,
          column_ruins_pillar_4, column_ruins_pillar_2, column_ruins_pillar_3,
          column_ruins_pillar_10, column_ruins_pillar_11, column_ruins_pillar_9,
          column_ruins_pillar_2, column_ruins_pillar_6, column_ruins_pillar_1,
          column_ruins_pillar_3, column_ruins_pillar_5, blue_anna_alchemist,
          glass_columns_a, chequers_hall_statues_y, st_stairs_7

Skill      XL: |  1  2  3  4  5  6  7 |
---------------+----------------------+-----
Polearms       | 3 4 5 6 |  6.4
Fighting       | 4 5 |  5.8
Armour         | |  3.2
Shields        | |  4.0

Action                     |  1- 3 |  4- 6 |  7- 9 || total
---------------------------+-------+-------+-------++-------
  Melee: Trident           |    56 |    91 |       ||   147
         Rapier            |       |    38 |    56 ||    94
Ability: Dig               |       |       |     2 ||     2
  Evoke: Wand              |       |     1 |       ||     1
    Use: Potion            |       |       |     2 ||     2
   Stab: Paralysed         |       |     3 |       ||     3
 Armour: Scale mail        |    24 |    51 |    48 ||   123
  Dodge: Dodged            |    12 |    42 |    12 ||    66
  Block: Buckler           |     6 |    24 |    11 ||    41

Table legend: (Time is in decaauts)
 A = Elapsed time spent in this place.
 B = Non-inter-level travel time spent in this place.
 C = Inter-level travel time spent in this place.
 D = Time resting spent in this place.
 E = Time spent auto-exploring this place.
 F = Levels seen in this place.
 G = Mean time per level.
                   A        B        C        D        E       F      G
               +--------+--------+--------+--------+--------+-----+--------+
         Total |   3418 |   3343 |     75 |     74 |   2666 |   5 |  683.6 |
       Dungeon |   3418 |   3343 |     75 |     74 |   2666 |   5 |  683.6 |
               +--------+--------+--------+--------+--------+-----+--------+

Top non-repeatable levels by time:
     D:3: 1105 daAuts
     D:2: 862 daAuts
     D:1: 589 daAuts
     D:4: 532 daAuts
     D:5: 328 daAuts
